TOP OF THE 1ST |
Jasper Cougars batting - Pitching for Salem Sledgehammers : RHP Roberto Moreno
|
Pitching: RHP Roberto Moreno
|
|
Batting: RHB Juan Vázquez
|
0-0: Called Strike 0-1: Swinging Strike 0-2: Ball 1-2: Foul Ball, location: 2F 1-2: Strikes out looking
|
Batting: LHB Jon Scott
|
0-0: Called Strike 0-1: Ball 1-1: Called Strike 1-2: Strikes out looking
|
Batting: RHB Manuel Pérez
|
0-0: Ball 1-0: Foul Ball, location: 2F 1-1: SINGLE (Line Drive, 6D)
|
Batting: SHB Ron Edwards
|
0-0: Ball Single, Error in OF, E9, batter to second base Manuel Pérez to third
|
Batting: RHB Dan Hooper
|
0-0: Ball 1-0: Ball 2-0: Called Strike 2-1: Swinging Strike 2-2: Strikes out looking
|
Top of the 1st over - 0 run(s), 2 hit(s), 1 error(s), 2 left on base; Jasper 0 - Salem 0 |
BOTTOM OF THE 1ST |
Salem Sledgehammers batting - Pitching for Jasper Cougars : LHP Millard Curtis
|
Pitching: LHP Millard Curtis
|
|
Batting: SHB Júlio Salazar
|
0-0: Fly out, F9 (Flyball, 9M)
|
Batting: LHB José Rivera
|
0-0: Ball 1-0: Called Strike 1-1: Swinging Strike 1-2: Foul Ball, location: 2F 1-2: Ball 2-2: Foul Ball, location: 2F 2-2: Strikes out swinging
|
Batting: RHB Gilberto Silva
|
0-0: Ball 1-0: Ground out 5-3 (Groundball, 5)
|
Bottom of the 1st over - 0 run(s), 0 hit(s), 0 error(s), 0 left on base; Jasper 0 - Salem 0 |
TOP OF THE 2ND |
Jasper Cougars batting - Pitching for Salem Sledgehammers : RHP Roberto Moreno
|
Batting: RHB Fernando Gálvez
|
0-0: Ball 1-0: Ball 2-0: Ball 3-0: Called Strike 3-1: DOUBLE (Groundball, 3D)
|
Batting: LHB Pepe Vázquez
|
0-0: Called Strike 0-1: Foul Ball, location: 2F 0-2: Ball 1-2: Ball 2-2: Ball 3-2: Ground out 4-3 (Groundball, 4) Fernando Gálvez to third
|
Batting: RHB Juan Carlos
|
0-0: Ball 1-0: Called Strike 1-1: Swinging Strike 1-2: Ball 2-2: Strikes out looking
|
Batting: RHB José Ortega
|
0-0: Swinging Strike 0-1: Fly out, F8 (Flyball, 8RS)
|
Top of the 2nd over - 0 run(s), 1 hit(s), 0 error(s), 1 left on base; Jasper 0 - Salem 0 |
BOTTOM OF THE 2ND |
Salem Sledgehammers batting - Pitching for Jasper Cougars : LHP Millard Curtis
|
Batting: LHB Juan Aguilar
|
0-0: Called Strike 0-1: Foul Ball, location: 2F 0-2: Ball 1-2: Strikes out looking
|
Batting: LHB Nathan Frey
|
0-0: Ground out U3 (Groundball, 3L)
|
Batting: LHB Brent Alonzo
|
0-0: Ball 1-0: Ball 2-0: Ball 3-0: Called Strike 3-1: Foul Ball, location: 2F 3-2: Fly out, F7 (Flyball, 7S)
|
Bottom of the 2nd over - 0 run(s), 0 hit(s), 0 error(s), 0 left on base; Jasper 0 - Salem 0 |
TOP OF THE 3RD |
Jasper Cougars batting - Pitching for Salem Sledgehammers : RHP Roberto Moreno
|
Batting: RHB Juan Vázquez
|
0-0: Ball 1-0: Ball 2-0: Ball 3-0: Called Strike 3-1: Called Strike 3-2: TRIPLE (Flyball, 9LM)
|
Batting: LHB Jon Scott
|
0-0: Foul Ball, location: 2F 0-1: Foul Ball, location: 2F 0-2: Strikes out looking
|
Batting: RHB Manuel Pérez
|
0-0: Fly out, F8 (Flyball, 8RM) Runner from 3rd tags up, SCORES, no throw
|
Batting: SHB Ron Edwards
|
0-0: Called Strike 0-1: Fly out, F7 (Flyball, 7LMF)
|
Top of the 3rd over - 1 run(s), 1 hit(s), 0 error(s), 0 left on base; Jasper 1 - Salem 0 |
BOTTOM OF THE 3RD |
Salem Sledgehammers batting - Pitching for Jasper Cougars : LHP Millard Curtis
|
Batting: RHB Dale Reeves
|
0-0: Ground out 4-3 (Groundball, 4M)
|
Batting: SHB Ramón Águila
|
0-0: Foul Ball, location: 2F 0-1: Ball 1-1: Called Strike 1-2: Ball 2-2: Ball 3-2: Ground out 1-3 (Groundball, 15S)
|
Batting: RHB Valentino Agnelli
|
0-0: SINGLE (Line Drive, 56)
|
Batting: SHB Júlio Salazar
|
0-0: Ball 1-0: Swinging Strike 1-1: Swinging Strike 1-2: Ball 2-2: Foul Ball, location: 2F 2-2: Strikes out swinging
|
Bottom of the 3rd over - 0 run(s), 1 hit(s), 0 error(s), 1 left on base; Jasper 1 - Salem 0 |
TOP OF THE 4TH |
Jasper Cougars batting - Pitching for Salem Sledgehammers : RHP Roberto Moreno
|
Batting: RHB Dan Hooper
|
0-0: Fly out, F5 (Line Drive, 5L)
|
Batting: RHB Fernando Gálvez
|
0-0: Swinging Strike 0-1: Ball 1-1: Foul Ball, location: 2F 1-2: Strikes out swinging
|
Batting: LHB Pepe Vázquez
|
0-0: Ball 1-0: Foul Ball, location: 2F 1-1: Swinging Strike 1-2: SINGLE (Line Drive, 8RS)
|
Batting: RHB Juan Carlos
|
0-0: Ball Pepe Vázquez is caught stealing 2nd base
|
Top of the 4th over - 0 run(s), 1 hit(s), 0 error(s), 0 left on base; Jasper 1 - Salem 0 |
BOTTOM OF THE 4TH |
Salem Sledgehammers batting - Pitching for Jasper Cougars : LHP Millard Curtis
|
Batting: LHB José Rivera
|
0-0: Called Strike 0-1: Swinging Strike 0-2: Reached on error, E4 (Groundball, 4)
|
Batting: RHB Gilberto Silva
|
0-0: Ball 1-0: Ball 2-0: Called Strike 2-1: Swinging Strike 2-2: Ball 3-2: Foul Ball, location: 2F 3-2: Strikes out looking
|
Batting: LHB Juan Aguilar
|
0-0: Called Strike 0-1: Swinging Strike 0-2: Ball 1-2: Strikes out looking
|
Batting: LHB Nathan Frey
|
0-0: Called Strike 0-1: Ball 1-1: Swinging Strike 1-2: Foul Ball, location: 2F 1-2: Foul Ball, location: 2F 1-2: Ball 2-2: Strikes out swinging
|
Bottom of the 4th over - 0 run(s), 0 hit(s), 1 error(s), 1 left on base; Jasper 1 - Salem 0 |
TOP OF THE 5TH |
Jasper Cougars batting - Pitching for Salem Sledgehammers : RHP Roberto Moreno
|
Batting: RHB Juan Carlos
|
0-0: Called Strike 0-1: Ball 1-1: Fly out, F3 (Popup, 3F)
|
Batting: RHB José Ortega
|
0-0: Ball 1-0: Foul Ball, location: 2F 1-1: Foul Ball, location: 2F 1-2: Foul Ball, location: 2F 1-2: Strikes out swinging
|
Batting: RHB Juan Vázquez
|
0-0: Called Strike 0-1: Foul Ball, location: 2F 0-2: Ball 1-2: Ball 2-2: Foul Ball, location: 2F 2-2: Ground out 1-3 (Groundball, 13)
|
Top of the 5th over - 0 run(s), 0 hit(s), 0 error(s), 0 left on base; Jasper 1 - Salem 0 |
BOTTOM OF THE 5TH |
Salem Sledgehammers batting - Pitching for Jasper Cougars : LHP Millard Curtis
|
Batting: LHB Brent Alonzo
|
0-0: Called Strike 0-1: Ball 1-1: Called Strike 1-2: Strikes out swinging
|
Batting: RHB Dale Reeves
|
0-0: Ball 1-0: Ball 2-0: Swinging Strike 2-1: Called Strike 2-2: Reached on error, E6 (Groundball, 6)
|
Batting: SHB Ramón Águila
|
0-0: Ball 1-0: Called Strike 1-1: Called Strike 1-2: SINGLE (Line Drive, 89S) Dale Reeves to second Dale Reeves to third
|
Batting: RHB Valentino Agnelli
|
0-0: Called Strike 0-1: Called Strike 0-2: Ball 1-2: Strikes out looking
|
Batting: SHB Júlio Salazar
|
0-0: Ball 1-0: Ball 2-0: Ball 3-0: Base on Balls Ramón Águila to second
|
Batting: LHB José Rivera
|
0-0: Swinging Strike 0-1: Ground out 4-3 (Groundball, 4)
|
Bottom of the 5th over - 0 run(s), 1 hit(s), 1 error(s), 3 left on base; Jasper 1 - Salem 0 |
TOP OF THE 6TH |
Jasper Cougars batting - Pitching for Salem Sledgehammers : RHP Roberto Moreno
|
Batting: LHB Jon Scott
|
0-0: Called Strike 0-1: Ball 1-1: Foul Ball, location: 2F 1-2: Strikes out swinging
|
Batting: RHB Manuel Pérez
|
0-0: Ball 1-0: Called Strike 1-1: Ball 2-1: SINGLE (Groundball, 6S) (infield hit)
|
Batting: SHB Ron Edwards
|
0-0: Ball Manuel Pérez is caught stealing 2nd base 1-0: Fly out, F7 (Flyball, 78D)
|
Top of the 6th over - 0 run(s), 1 hit(s), 0 error(s), 0 left on base; Jasper 1 - Salem 0 |
BOTTOM OF THE 6TH |
Salem Sledgehammers batting - Pitching for Jasper Cougars : LHP Millard Curtis
|
Batting: RHB Gilberto Silva
|
0-0: Ground out 5-3 (Groundball, 5)
|
Batting: LHB Juan Aguilar
|
0-0: Ball 1-0: Called Strike 1-1: SINGLE (Flyball, 78S)
|
Batting: LHB Nathan Frey
|
0-0: Called Strike 0-1: Fly out, F5 (Popup, 25F)
|
Pitching: RHP Andrés Ruíz
|
|
Batting: LHB Brent Alonzo
|
0-0: Ball 1-0: Called Strike 1-1: Ground out 3-1 (Groundball, 34)
|
Bottom of the 6th over - 0 run(s), 1 hit(s), 0 error(s), 1 left on base; Jasper 1 - Salem 0 |
TOP OF THE 7TH |
Jasper Cougars batting - Pitching for Salem Sledgehammers : RHP Roberto Moreno
|
Pitching: LHP Nick Johnson
|
|
Batting: RHB Dan Hooper
|
0-0: Called Strike 0-1: Foul Ball, location: 2F 0-2: Ball 1-2: Foul Ball, location: 2F 1-2: Foul Ball, location: 2F 1-2: Ball 2-2: Strikes out swinging
|
Batting: RHB Fernando Gálvez
|
0-0: Called Strike 0-1: Ball 1-1: Swinging Strike 1-2: Ball 2-2: DOUBLE (Line Drive, 9LM)
|
Pinch Hitting: LHB Juan Cabańas
|
0-0: Intentional Walk
|
Batting: RHB Juan Carlos
|
0-0: Ball 1-0: Fly out, F8 (Flyball, 8LM)
|
Pinch Hitting: SHB Martín Cruz
|
0-0: Ball 1-0: Foul Ball, location: 2F 1-1: Swinging Strike 1-2: Strikes out swinging
|
Top of the 7th over - 0 run(s), 1 hit(s), 0 error(s), 2 left on base; Jasper 1 - Salem 0 |
BOTTOM OF THE 7TH |
Salem Sledgehammers batting - Pitching for Jasper Cougars : RHP Andrés Ruíz
|
Now at SS: Martín Cruz
|
|
Now in RF: Juan Cabańas
|
|
Batting: RHB Dale Reeves
|
0-0: Ball 1-0: Foul Ball, location: 2F 1-1: Foul Ball, location: 2F 1-2: Strikes out swinging
|
Batting: SHB Ramón Águila
|
0-0: Called Strike 0-1: Ball 1-1: Ball 2-1: SINGLE (Groundball, 5D)
|
Batting: RHB Valentino Agnelli
|
0-0: Called Strike 0-1: Foul Ball, location: 2F 0-2: Ball 1-2: Foul Ball, location: 2F 1-2: Fly out, F8 (Flyball, 78S)
|
Batting: SHB Júlio Salazar
|
0-0: Foul Ball, location: 2F 0-1: Reached on error, E3 (Groundball, 3) Ramón Águila to second
|
Batting: LHB José Rivera
|
0-0: Ball 1-0: Ball 2-0: Called Strike 2-1: Foul Ball, location: 2F 2-2: Ground out 4-3 (Groundball, 4)
|
Bottom of the 7th over - 0 run(s), 1 hit(s), 1 error(s), 2 left on base; Jasper 1 - Salem 0 |
TOP OF THE 8TH |
Jasper Cougars batting - Pitching for Salem Sledgehammers : LHP Nick Johnson
|
Batting: RHB Juan Vázquez
|
0-0: Called Strike
|
|
|
|
0-1: Ball 1-1: Ground out 6-3 (Groundball, 6M)
|
Batting: LHB Jon Scott
|
0-0: Called Strike 0-1: Ground out 4-3 (Groundball, 4)
|
Pitching: RHP Vaughan Gillespie
|
|
Batting: RHB Manuel Pérez
|
0-0: Ball 1-0: Called Strike 1-1: Ball 2-1: Foul Ball, location: 2F 2-2: Ground out 6-3 (Groundball, 6)
|
Top of the 8th over - 0 run(s), 0 hit(s), 0 error(s), 0 left on base; Jasper 1 - Salem 0 |
BOTTOM OF THE 8TH |
Salem Sledgehammers batting - Pitching for Jasper Cougars : RHP Andrés Ruíz
|
Pitching: RHP António Peńa
|
|
Batting: RHB Gilberto Silva
|
0-0: Foul Ball, location: 2F 0-1: Swinging Strike 0-2: TRIPLE (Line Drive, 9LS)
|
Batting: LHB Juan Aguilar
|
0-0: Ball 1-0: Ball 2-0: Ball 3-0: Base on Balls
|
Batting: LHB Nathan Frey
|
0-0: Called Strike 0-1: SINGLE (Line Drive, 78S) Gilberto Silva scores Juan Aguilar to second
|
Batting: LHB Brent Alonzo
|
0-0: Bunted foul 0-1: Sac Bunt - play at first, batter OUT! 1-4 Juan Aguilar to third Nathan Frey to second
|
Batting: RHB Dale Reeves
|
0-0: Foul Ball, location: 2F 0-1: Foul Ball, location: 2F 0-2: Fly out, F8 (Flyball, 8RM)
|
Batting: SHB Ramón Águila
|
0-0: Fly out, F7 (Flyball, 8LS)
|
Bottom of the 8th over - 1 run(s), 2 hit(s), 0 error(s), 2 left on base; Jasper 1 - Salem 1 |
TOP OF THE 9TH |
Jasper Cougars batting - Pitching for Salem Sledgehammers : RHP Vaughan Gillespie
|
Pitching: RHP Omar Camacho
|
|
Batting: SHB Ron Edwards
|
0-0: Ball 1-0: Ball 2-0: Fly out, F2 (Popup, 2RF)
|
Batting: RHB Dan Hooper
|
0-0: Ball 1-0: Called Strike 1-1: Ball 2-1: Foul Ball, location: 2F 2-2: Ball 3-2: Base on Balls
|
Batting: RHB Fernando Gálvez
|
0-0: Ground out 4-3 (Groundball, 4M) Dan Hooper to second
|
|
|
Batting: LHB Juan Cabańas
|
0-0: Ball 1-0: Foul Ball, location: 2F 1-1: 2-RUN HOME RUN (Flyball, 9D), Distance : 416 ft
|
Batting: RHB Juan Carlos
|
0-0: Fly out, F5 (Popup, 5SF)
|
Top of the 9th over - 2 run(s), 1 hit(s), 0 error(s), 0 left on base; Jasper 3 - Salem 1 |
BOTTOM OF THE 9TH |
Salem Sledgehammers batting - Pitching for Jasper Cougars : RHP António Peńa
|
Pitching: RHP Steve Snyder
|
|
Batting: RHB Valentino Agnelli
|
0-0: Ball 1-0: Ground out 4-3 (Groundball, 4M)
|
Batting: SHB Júlio Salazar
|
0-0: Ground out 5-3 (Groundball, 56S)
|
Batting: LHB José Rivera
|
0-0: Ball 1-0: Called Strike 1-1: Swinging Strike 1-2: Strikes out swinging
|
Bottom of the 9th over - 0 run(s), 0 hit(s), 0 error(s), 0 left on base; Jasper 3 - Salem 1 |
|
|